 Dungeon Crawl Stone Soup version 0.30-a0-782-ge64f9170bb (webtiles) character file.

Game seed: 15031093242585059427

51 Essalna the Digger (level 3, -4/21 HPs)
             Began as a Gargoyle Earth Elementalist on Feb 21, 2023.
             Slain by a hobgoblin (6 damage)
             ... led by Robin
             ... on level 2 of the Dungeon.
             The game lasted 00:03:00 (1172 turns).

Essalna the Digger (Gargoyle Earth Elementalist)    Turns: 1172, Time: 00:03:00

Health: -4/21      AC:  5    Str: 11    XL:     3   Next: 81%
Magic:  2/7        EV: 11    Int: 17    God:
Gold:   17         SH:  0    Dex: 10    Spells: 3/7 levels left

rFire   + . .      SeeInvis .    h - +0 whip (venom)
rCold   . . .      Faith    .    (no shield)
rNeg    + . .      Spirit   .    a - +0 robe
rPois   ∞          Reflect  .    (no helmet)
rElec   +          Harm     .    (no cloak)
rCorr   .          Rampage  .    (no gloves)
Will    .....                    (no boots)
Stlth   ++                       (no amulet)
HPRegen 0.23/turn                c - ring of protection from fire
MPRegen 0.10/turn                (no ring)

@: brilliant
A: sickness immunity, AC +3, negative energy resistance 1, electricity
resistance, torment resistance 1, petrification resistance
a: no special abilities


You were on level 2 of the Dungeon.
You visited 1 branch of the dungeon, and saw 2 of its levels.

You collected 17 gold pieces.

Inventory:

Hand Weapons
 f - a +0 dagger
 h - a +0 whip of venom (weapon)
Armour
 a - a +0 robe (worn)
Jewellery
 c - a ring of protection from fire (left hand)
Scrolls
 e - a scroll of teleportation {unknown}
 i - a scroll of identify {unknown}
Potions
 b - a potion of magic
 j - a potion of degeneration {unknown}


   Skills:
 + Level 1.9 Fighting
 - Level 1.5 Dodging
 - Level 2.1 Stealth
 + Level 2.7 Spellcasting
 - Level 0.7 Transmutations
 + Level 4.3 Earth Magic


You had 3 spell levels left.
You knew the following spells:

 Your Spells              Type           Power      Damage    Failure   Level
a - Sandblast             Erth           50%        2d12      3%          1
b - Stone Arrow           Conj/Erth      28%        3d8       22%         3

Your spell library contained the following spells:

 Spells                   Type           Power      Damage    Failure   Level
 Passwall                 Tmut/Erth      13%        N/A       10%         2
 Ignite Poison            Fire/Tmut/Pois 4%         N/A       45%         3
 Petrify                  Tmut/Erth      16%        N/A       54%         4
 Sticky Flame             Conj/Fire      3%         2d3       87%         4
 Ignition                 Fire           1%         3d3       100%        8


Dungeon Overview and Level Annotations

Branches:
Dungeon (2/15)

Altars:
Trog

Shops:
D:1 =

Annotations:
D:2 Robin


Innate Abilities, Weirdness & Mutations

You are immune to sickness and miasma.
Your stone body is resilient. (AC +3)
You are immune to poison.
You resist negative energy. (rN+)
You are resistant to electric shocks. (rElec)
You are resistant to unholy torment.
You are immune to petrification.


Message History

Aim: a goblin, wielding a +0 dagger (strong, 77% to hit)
The blast of sand hits the goblin!
You kill the goblin!
Casting: Sandblast (safe; 3% risk of failure)
Confirm with . or Enter, or press ? or * to list all spells.
Aiming: Sandblast (safe; 3% risk of failure)
Press: ? - help, Shift-Dir - straight line, f - hobgoblin
Aim: a hobgoblin (strong, 82% to hit)
The blast of sand misses the hobgoblin.
The blast of sand hits the goblin!
You kill the goblin!
The hobgoblin hits you.
* * * LOW HITPOINT WARNING * * *
Casting: Sandblast (safe; 3% risk of failure)
Confirm with . or Enter, or press ? or * to list all spells.
Aiming: Sandblast (safe; 3% risk of failure)
Press: ? - help, Shift-Dir - straight line, f/p - hobgoblin
Aim: a hobgoblin (strong, 82% to hit)
The blast of sand hits the hobgoblin.
The hobgoblin is heavily wounded.
The hobgoblin barely misses you. Robin throws the goblin at you!
The goblin hits you but does no damage.
Casting: Sandblast (safe; 3% risk of failure)
Confirm with . or Enter, or press ? or * to list all spells.
Aiming: Sandblast (safe; 3% risk of failure)
Press: ? - help, Shift-Dir - straight line, f/p - hobgoblin
Aim: a hobgoblin (heavily wounded, strong, 82% to hit)
The blast of sand hits the hobgoblin.
You kill the hobgoblin!
The goblin no longer looks unusually strong.
The goblin closely misses you. The hobgoblin hits you.
* * * LOW HITPOINT WARNING * * *
The goblin barely misses you.
As you read the scroll labelled FEW KIREUCUGOU, it crumbles to dust.
Wisps of shadow whirl around you...
It was a scroll of summoning.
The goblin barely misses you.
The hobgoblin hits you but does no damage.
It was a potion of brilliance.
You feel clever all of a sudden. The hobgoblin hits you.
You die...

#............#.##
#.###...###..# . #.#
#..## #......
######.#.###.##
#...##.#
.......#.##..# #...#
.......#.#...# #...#
.......#..†#.........#
.....gg#..#########..
.....g.#..ggg@gg.....
.......#..######.....
.........## ##.
....#.>....# .
.........#
...........#
...........#
...........#
###....#+###


You could see Robin, a hobgoblin (strong), 2 goblins and a friendly hobgoblin
(summoned).

Vanquished Creatures
  An adder (D:1)
  A dart slug (D:2)
  A ball python (D:1)
  3 bats (D:1)
  3 endoplasms
  A giant cockroach (D:1)
  9 goblins
  4 hobgoblins
  3 kobolds (D:1)
  2 quokkas
  2 frilled lizards (D:1)
  7 rats
37 creatures vanquished.

Vanquished Creatures (others)
  5 toadstools (D:1)
5 creatures vanquished.

Grand Total: 42 creatures vanquished

Notes
Turn   | Place    | Note
-------+----------+-------------------------------------------
     0 | D:1      | Essalna the Gargoyle Earth Elementalist began the quest for
                  | the Orb.
     0 | D:1      | Reached XP level 1. HP: 10/10 MP: 3/3
   239 | D:1      | Reached XP level 2. HP: 16/16 MP: 3/5
   316 | D:1      | Reached skill level 1 in Fighting
   422 | D:1      | Reached skill level 4 in Earth Magic
   685 | D:1      | Reached XP level 3. HP: 20/20 MP: 4/6
   689 | D:1      | Learned a level 3 spell: Stone Arrow
   859 | D:1      | Found Pirigy's Jewellery Emporium.
   979 | D:2      | Found a bloodstained altar of Trog.
   979 | D:2      | Noticed Robin
  1172 | D:2      | Slain by a hobgoblin

Illustrated notes

Levels and vault maps discovered:
D:1:      ldierk_walled_garden, layout_basic, serial_shops, shop
D:2:      layout_basic, basic_altar, chequers_ecumenical_altar_twisty,
          nicolae_shop_unique_rings, hangedman_decor_points, uniq_robin

Skill      XL: |  1  2 |
---------------+-------+-----
Fighting       | 1 |  1.9
Earth Magic    | 4 |  4.3
Dodging        | |  1.5
Stealth        | |  2.1
Spellcasting   | |  2.7
Transmutations | |  0.7

Action                     || total
---------------------------++-------
  Melee: Unarmed           ||    15
         Whip              ||    13
   Cast: Sandblast         ||    46
    Use: Scroll            ||     1
         Potion            ||     1
 Armour: Robe              ||    26
  Dodge: Dodged            ||    43

Table legend: (Time is in decaauts)
 A = Elapsed time spent in this place.
 B = Non-inter-level travel time spent in this place.
 C = Inter-level travel time spent in this place.
 D = Time resting spent in this place.
 E = Time spent auto-exploring this place.
 F = Levels seen in this place.
 G = Mean time per level.
                   A        B        C        D        E       F      G
               +--------+--------+--------+--------+--------+-----+--------+
         Total |   1196 |   1122 |     74 |     20 |    870 |   2 |  598.0 |
       Dungeon |   1196 |   1122 |     74 |     20 |    870 |   2 |  598.0 |
               +--------+--------+--------+--------+--------+-----+--------+

Top non-repeatable levels by time:
     D:1: 1029 daAuts
     D:2: 167 daAuts
